 Dungeon Crawl Stone Soup version 0.24.1-14-gf8d2b509d9 (webtiles) character file.

Game seed: 10846185813354071649, levelgen mode: deterministic

105 Gabide the Covered (level 4, -4/37 HPs)
             Began as a Barachi Fighter on May 25, 2020.
             Slain by Sigmund
             ... wielding a +0 scythe
              (11 damage)
             ... on level 2 of the Dungeon.
             The game lasted 00:04:47 (1360 turns).

Gabide the Covered (Barachi Fighter)                Turns: 1360, Time: 00:04:49

Health: -4/37      AC:  7    Str: 19    XL:     4   Next: 83%
Magic:  4/4        EV:  9    Int:  8    God:
Gold:   124        SH:  0    Dex: 11    Spells: 3/3 levels left

rFire    . . .     SeeInvis .   i - +0 battleaxe
rCold    . . .     Gourm    .   (shield currently unavailable)
rNeg     . . .     Faith    .   b - +0 scale mail
rPois    .         Spirit   .   (no helmet)
rElec    .         Reflect  .   (no cloak)
rCorr    .         Harm     .   (no gloves)
MR       .....                  (no boots)
Stlth    +.........             (no amulet)
HPRegen  0.12/turn              h - ring of stealth
MPRegen  0.09/turn              (no ring)

@: slow
A: +LOS, swims, slowness 1, strong legs 1
a: Hop


You were on level 2 of the Dungeon.
You were not hungry.

You visited 1 branch of the dungeon, and saw 2 of its levels.

You collected 124 gold pieces.

Inventory:

Hand Weapons
 a - a +0 long sword
 i - a +0 battleaxe (weapon)
Armour
 b - a +0 scale mail (worn)
 c - a +0 shield
Jewellery
 h - a ring of stealth (left hand)
Potions
 d - 4 potions of might
 e - a potion of curing
Comestibles
 f - 2 rations


   Skills:
 + Level 4.0 Fighting
 - Level 4.0 Long Blades
 * Level 0.4 Axes
 + Level 4.4 Armour
 - Level 0.7 Dodging
 - Level 3.9 Shields


You had 3 spell levels left.
You didn't know any spells.
Your spell library was empty.

Dungeon Overview and Level Annotations

Branches:
Dungeon (2/15)

Altars:

Annotations:
D:2 Sigmund


Innate Abilities, Weirdness & Mutations

Shadows flee at your approach. (+LOS)
You can swim through water.
You cover ground slowly.
You can hop short distances.


Message History

You closely miss the leopard gecko. The adder closely misses you.
The leopard gecko barely misses you. Something hits you.
The adder bites you but does no damage.
The leopard gecko bites you but does no damage.
The adder bites you but does no damage. Something hits you.
The leopard gecko bites you but does no damage.
The leopard gecko completely misses you.
You are too injured to fight recklessly!
You are too injured to fight recklessly!
You are too injured to fight recklessly!
You are too injured to fight recklessly!
You miss the leopard gecko.
The leopard gecko bites you but does no damage. x2
You barely miss the leopard gecko. The leopard gecko misses you.
Something hits you.
* * * LOW HITPOINT WARNING * * *
The leopard gecko bites you.
* * * LOW HITPOINT WARNING * * *
Something hits you!
You die...

**,,≈,≈.≈,≈,≈,≈,,*,,,,* *
*,,,,#.#**,#***,,,**,* *
#########.#.##.###.#
*,,***,* *
..).........,......####,,*
*,* *
..##########*#.........,,*
*,* * <.#
#.#*******,****,**** ..#
#.# ######.<.,,,,,,, ..#
##.###........,,,**** ..#
#.Sl@..############## ..#
#..###...÷...........
..#*#########..#
#.##############
...,...........# #.#
...............# #.#
################ #.#
******#.# *,,,,,..#
********* *,****###


You could see an adder and a leopard gecko.

Vanquished Creatures
  3 adders (D:2)
  2 oozes (D:2)
  4 dart slugs
  A leopard gecko (D:1)
  2 ball pythons (D:1)
  8 bats
  5 giant cockroaches
  2 goblins (D:1)
  9 hobgoblins
  2 jackals (D:1)
  A quokka (D:2)
  A frilled lizard (D:1)
  12 kobolds
  8 rats
60 creatures vanquished.

Notes
Turn   | Place    | Note
-------+----------+-------------------------------------------
     0 | D:1      | Gabide the Barachi Fighter began the quest for the Orb.
     0 | D:1      | Reached XP level 1. HP: 18/18 MP: 1/1
    61 | D:1      | Reached XP level 2. HP: 15/25 MP: 2/2
   264 | D:1      | Reached XP level 3. HP: 29/30 MP: 3/3
   698 | D:2      | Reached XP level 4. HP: 20/37 MP: 4/4
  1349 | D:2      | Noticed Sigmund
  1360 | D:2      | Slain by Sigmund

Levels and vault maps discovered:
D:1:      nicolae_arrival_washed_ashore, layout_rooms
D:2:      layout_loops_ring, kennysheep_crisscross, minmay_tall_x, uniq_sigmund

Skill      XL: |  1  2  3  4 |
---------------+-------------+-----
Armour         | 4 |  4.4
Long Blades    | 3 4 |  4.0
Fighting       | 4 |  4.0
Axes           | |  0.4
Dodging        | |  0.7
Shields        | |  3.9

Action                   |  1- 3 |  4- 6 || total
-------------------------+-------+-------++-------
Melee: Long sword        |   128 |    39 ||   167
       Battleaxe         |       |    61 ||    61
 Abil: Hop               |     3 |       ||     3
  Use: Scroll            |     1 |     1 ||     2
  Eat: Chunk             |       |     3 ||     3
Armor: Scale mail        |    80 |    62 ||   142
Dodge: Dodged            |    53 |    71 ||   124
Block: Shield            |    88 |    27 ||   115
       Rpst.: Long sword |    11 |     6 ||    17
